Map: Acropolis LE

Players

Harstem - Winner!

  • Race: Protoss Protoss
  • League: Grandmaster
  • Spawn Location: 11:00

A.I. 1 (Very Easy)

  • Race: Terran Terran
  • Spawn Location: 5:00

VOD

https://www.youtube.com/watch?v=yihnviIhT9g&list=PLbVNzAA7sXzCRQlb9UMKYnEasQNu6PIxF&index=7

Description

Time

  • Played on: Sept. 29, 2019, 2:25 p.m.
  • Length: 8:02
Show
View Real Time Build Order
Export as new Build Order

Harstem Protoss - Winner!

Build Orders: 1 Gate Expand, Colossus Rush 

Get SALT Encoding   

  12  0:01  Probe  
  13  0:13  Probe  
  14  0:17  Pylon  
  14  0:25  Probe (Chrono Boost)  
  15  0:37  Gateway, Probe (Chrono Boost)  
  16  0:45  Probe (Chrono Boost)  
  16  0:46  Assimilator  
  17  0:51  Probe  
  18  1:03  Probe  
  19  1:15  Probe  
  20  1:22  Nexus  
  20  1:33  Cybernetics Core  
  20  1:34  Probe  
  21  1:41  Assimilator  
  21  1:46  Probe  
  22  1:50  Pylon  
  22  1:58  Probe  
  23  2:06  Adept (Chrono Boost)  
  23  2:11  Probe  
  23  2:13  Robotics Facility  
  26  2:21  Warp Gate  
  26  2:24  Probe (Chrono Boost)  
  27  2:30  Stalker  
  27  2:34  Probe (Chrono Boost)  
  27  2:36  Probe (Chrono Boost)  
  31  2:44  Probe x2 (Chrono Boost)  
  33  2:49  Probe (Chrono Boost)  
  33  2:50  Probe  
  35  3:00  Observer, Probe, Sentry  
  35  3:02  Probe  
  40  3:05  Gateway  
  40  3:07  Gateway  
  40  3:13  Probe (Chrono Boost)  
  40  3:16  Probe (Chrono Boost)  
  40  3:18  Pylon  
  42  3:23  Observer  
  42  3:25  Probe (Chrono Boost)  
  45  3:31  Probe (Chrono Boost)  
  45  3:32  Probe (Chrono Boost)  
  45  3:34  Assimilator  
  46  3:37  Assimilator  
  46  3:38  Probe (Chrono Boost)  
  48  3:45  Probe (Chrono Boost)  
  48  3:47  Observer  
  48  3:48  Probe (Chrono Boost)  
  50  3:52  Probe (Chrono Boost)  
  50  3:53  Probe (Chrono Boost)  
  52  4:01  Pylon  
  52  4:03  Probe  
  52  4:04  Probe, Nexus  
  52  4:09  Robotics Bay  
  54  4:19  Probe  
  54  4:21  Probe  
  54  4:22  Pylon, Stalker x2  
  54  4:24  Stalker  
  62  4:26  Observer  
  62  4:28  Pylon  
  62  4:40  Forge, Probe x2  
  62  4:42  Twilight Council  
  64  4:52  Probe x2  
  66  4:54  Colossus (Chrono Boost)  
  72  5:03  Pylon  
  72  5:04  Probe x2  
  74  5:09  Protoss Ground Weapons Level 1 (Chrono Boost)  
  74  5:12  Extended Thermal Lance  
  74  5:15  Gateway, Blink (Chrono Boost)  
  74  5:16  Probe x2  
  74  5:18  Probe  
  77  5:25  Gateway  
  77  5:28  Probe  
  77  5:29  Shield Battery  
  77  5:34  Zealot  
  80  5:37  Colossus (Chrono Boost)  
  80  5:42  Probe  
  88  5:46  Zealot, Stalker  
  88  5:49  Pylon  
  91  5:51  Gateway  
  91  5:53  Probe  
  91  5:54  Probe  
  93  5:57  Probe  
  93  5:59  Pylon  
  93  6:02  Stalker  
  96  6:07  Stalker  
  98  6:12  Stalker  
  98  6:13  Pylon  
  98  6:14  Stalker  
  98  6:15  Pylon  
  98  6:17  Pylon  
  98  6:18  Colossus (Chrono Boost)  
  108  6:27  Pylon, Stalker  
  110  6:33  Pylon, Stalker  
  110  6:36  Stalker  
  110  6:37  Zealot  
  116  6:42  Stalker  
  116  6:46  Stalker  
  120  6:52  Stalker  
  122  6:59  Probe x3  
  122  7:01  Warp Prism (Chrono Boost)  
  125  7:02  Zealot x2, Assimilator, Stalker  
  125  7:05  Assimilator  
  133  7:09  Stalker x2  
  133  7:14  Probe  
  136  7:23  Zealot x3  
  136  7:27  Pylon  
  136  7:29  Probe, Stalker  
  145  7:30  Pylon  
  145  7:48  Stalker x4  
  145  7:49  Stalker  
Show
View Real Time Build Order
Export as new Build Order

A.I. 1 (Very Easy) Terran 

Build Orders:  

Get SALT Encoding   

  12  0:00  SCV  
  13  0:13  SCV  
  14  0:17  Supply Depot  
  14  0:37  Refinery  
  14  0:43  Barracks  
  14  1:05  Supply Depot  
  14  1:14  Refinery  
  14  1:30  Marine  
  14  1:32  Orbital Command  
  15  1:49  Barracks Tech Lab  
  15  1:57  SCV  
  16  2:09  SCV  
  17  2:19  Marine  
  17  2:21  SCV  
  19  2:33  SCV  
  20  2:45  SCV  
  21  2:57  SCV  
  22  3:08  Marauder  
  24  6:24  SCV  
  24  6:52  Marine, SCV  
  26  6:55  Supply Depot  
  26  6:57  Factory  
  26  7:00  Command Center  
  26  7:04  SCV  
  26  7:19  Supply Depot  
  26  7:20  SCV  
  23  7:26  Marine  
  24  7:35  SCV  
Tags
 
Add a new tag
Caveats
  • Supply blocks, unpowered buildings, or Contaminate may cause inaccurate times.
  • Supply counts are checked every 10 seconds.